Map: Oblivion Express

Players

blingi

  • Race: Protoss Protoss
  • Spawn Location: 12:00

monk

  • Race: Terran Terran
  • Spawn Location: 0:00

VOD

Have the link to the VOD?

Description

Time

  • Played on: June 15, 2017, 7:47 a.m.
  • Length: 23:18
Show
View Real Time Build Order
Export as new Build Order

blingi Protoss 

Build Orders:  

Get SALT Encoding   

  12  0:02  Probe (Chrono Boost)  
  13  0:16  Probe (Chrono Boost)  
  14  0:31  Probe (Chrono Boost)  
  14  0:32  Pylon  
  15  0:56  Probe (Chrono Boost)  
  16  1:10  Probe (Chrono Boost)  
  17  1:24  Probe (Chrono Boost)  
  18  1:31  Pylon  
  18  1:39  Probe (Chrono Boost)  
  19  1:53  Nexus, Probe (Chrono Boost)  
  20  2:05  Assimilator  
  20  2:07  Probe (Chrono Boost)  
  21  2:11  Assimilator  
  21  2:21  Probe (Chrono Boost)  
  21  2:27  Gateway  
  22  2:34  Probe (Chrono Boost)  
  23  2:48  Probe (Chrono Boost)  
  24  3:02  Probe (Chrono Boost)  
  25  3:17  Probe (Chrono Boost)  
  26  3:27  Pylon  
  26  3:31  Probe (Chrono Boost)  
  26  3:34  Cybernetics Core  
  26  3:36  Probe (Chrono Boost)  
  28  3:42  Assimilator  
  28  3:45  Probe (Chrono Boost)  
  28  3:47  Assimilator  
  29  3:50  Probe (Chrono Boost)  
  29  3:58  Probe (Chrono Boost)  
  31  4:03  Pylon  
  31  4:09  Probe (Chrono Boost)  
  31  4:19  Probe (Chrono Boost)  
  32  4:23  Probe (Chrono Boost)  
  32  4:25  Warp Gate (Chrono Boost)  
  34  4:33  Death Council  
  34  4:35  Probe  
  34  4:38  Probe  
  36  4:49  Probe  
  36  4:55  Probe  
  38  5:03  Probe  
  38  5:07  Gateway  
  39  5:12  Probe  
  39  5:13  Pylon  
  39  5:16  Gateway, Probe  
  40  5:28  Probe  
  42  5:33  Probe  
  42  5:34  Ascendant Archives  
  43  5:45  Probe  
  43  5:47  Gateway  
  44  5:51  Probe  
  45  6:02  Probe  
  46  6:11  Gateway  
  46  6:13  Gateway  
  46  6:15  Gateway  
  46  6:19  Probe  
  46  6:22  Probe  
  48  6:30  Power Overwhelming (Chrono Boost)  
  48  6:45  Forge  
  48  6:49  Pylon  
  48  7:02  Blood Shields  
  48  7:20  Mind Blast (Chrono Boost)  
  48  7:23  Ascendant x3  
  48  7:24  Ascendant  
  56  7:33  Pylon  
  56  7:34  Pylon  
  56  7:54  Pylon  
  56  7:56  Supplicant x2  
  56  7:57  Supplicant x4  
  60  8:03  Chaotic Attunement (Chrono Boost)  
  60  8:10  Protoss Shields Level 1 (Chrono Boost)  
  60  8:11  Supplicant x6  
  60  8:12  Supplicant x2  
  76  8:29  Forge  
  76  8:42  Ascendant x4  
  76  8:43  Ascendant  
  76  8:49  Supplicant x2  
  82  8:53  Pylon  
  82  8:57  Supplicant x2  
  78  9:23  Supplicant x2  
  78  9:24  Supplicant x2  
  86  9:39  Pylon  
  86  9:41  Pylon  
  86  9:43  Pylon  
  86  9:44  Gateway  
  80  9:58  Supplicant x4  
  84  10:14  Protoss Ground Weapons Level 1 (Chrono Boost)  
  82  10:25  Supplicant x4  
  82  10:26  Supplicant x2  
  86  10:40  Protoss Shields Level 2 (Chrono Boost)  
  86  10:52  Ascendant  
  86  10:53  Ascendant x3  
  86  10:55  Supplicant x4  
  80  11:35  Supplicant x6  
  80  11:36  Supplicant x2  
  90  11:49  Supplicant x6  
  98  12:06  Ascendant x2  
  98  12:08  Havoc x3  
  99  12:23  Supplicant x6  
  91  12:53  Mothership  
  85  13:16  Protoss Ground Weapons Level 2 (Chrono Boost)  
  85  13:18  Supplicant x6  
  85  13:19  Supplicant x4  
  101  13:40  Soul Augmentation  
  101  13:43  Detect Weakness  
  99  13:55  Supplicant x2  
  99  13:56  Supplicant x2  
  99  13:57  Pylon  
  99  13:58  Pylon  
  81  14:24  Supplicant x6  
  81  14:25  Supplicant x2  
  92  14:44  Ascendant  
  92  14:45  Ascendant x2  
  92  14:46  Supplicant x2  
  92  14:47  Supplicant x2  
  84  15:13  Bloodshard Resonance  
  84  15:22  Supplicant x8, Pylon  
  83  15:57  Supplicant x8  
  83  15:58  Supplicant x2  
  85  16:34  Supplicant x8  
  85  16:39  Pylon  
  99  16:43  Cloaking Module  
  82  17:36  Supplicant x10  
  82  17:37  Supplicant x6  
  114  18:01  Pylon  
  114  18:04  Pylon  
  114  18:06  Pylon  
  112  18:13  Supplicant x4  
  94  18:36  Pylon  
  94  18:39  Pylon  
  86  18:45  Pylon  
  86  18:50  Protoss Ground Weapons Level 3 (Chrono Boost)  
  86  18:51  Protoss Shields Level 3 (Chrono Boost)  
  86  19:07  Supplicant x4  
  86  19:08  Supplicant x2  
  98  19:10  Supplicant x2  
  102  19:33  Supplicant x2  
  102  19:34  Supplicant x4  
  102  19:38  Ascendant x2  
  118  19:46  Supplicant x2  
  112  20:00  Supplicant x4  
  106  20:19  Supplicant x4  
  100  20:30  Mothership  
  100  20:47  Supplicant x6  
  90  21:23  Supplicant x2  
  90  21:24  Supplicant x6  
  90  21:26  Ascendant x4  
  114  21:55  Ascendant x4  
  114  22:13  Supplicant x2  
  114  22:14  Supplicant x6  
  94  22:55  Supplicant x2  
  94  22:56  Supplicant x4  
Show
View Real Time Build Order
Export as new Build Order

monk Terran 

Build Orders:  

Get SALT Encoding   

  12  0:03  SCV  
  13  0:20  SCV  
  14  0:32  Supply Depot  
  14  0:37  SCV  
  15  0:54  SCV  
  16  1:11  SCV  
  17  1:28  SCV  
  18  1:31  Command Center  
  18  1:44  SCV  
  19  1:54  Barracks  
  19  2:01  SCV  
  19  2:03  Refinery  
  20  2:12  Refinery  
  20  2:18  SCV  
  21  2:35  Orbital Command  
  21  3:12  Orbital Command  
  21  3:19  SCV  
  22  3:38  Command Center  
  22  3:43  SCV  
  22  3:48  SCV  
  24  4:00  SCV  
  24  4:05  SCV  
  26  4:17  SCV  
  27  4:22  SCV  
  27  4:28  Command Center  
  28  4:34  SCV  
  28  4:39  SCV  
  30  4:51  SCV  
  30  4:56  SCV  
  32  5:08  Command Center, SCV  
  33  5:13  SCV  
  34  5:23  Orbital Command  
  34  5:25  Refinery  
  34  5:26  SCV  
  34  5:27  Refinery  
  34  5:29  SCV  
  36  5:43  SCV, Barracks Tech Lab  
  36  5:47  SCV  
  38  5:51  Barracks  
  37  6:00  SCV  
  38  6:03  SCV x2  
  41  6:12  Orbital Command  
  41  6:13  Medic, Stabilizer Medpacks  
  41  6:16  SCV  
  44  6:20  SCV x2  
  44  6:23  Medic  
  44  6:27  Barracks Reactor  
  48  6:33  Medic, SCV  
  48  6:34  Engineering Bay  
  48  6:35  Engineering Bay, Combat Shields  
  51  6:51  SCV  
  51  6:53  Orbital Command  
  51  6:59  Command Center  
  52  7:05  Medic  
  54  7:11  Terran Infantry Weapons Level 1  
  54  7:12  Terran Infantry Armor Level 1  
  54  7:18  SCV  
  54  7:19  SCV  
  56  7:21  Factory  
  56  7:23  Medic, Marine  
  56  7:24  Marine  
  60  7:33  Medic  
  60  7:34  Marine x2  
  60  7:35  SCV  
  65  7:47  Medic  
  65  7:48  Marine x2  
  69  8:00  Marauder  
  69  8:01  Marine x2  
  69  8:06  Barracks  
  69  8:08  Barracks  
  69  8:09  Barracks  
  73  8:11  Marine  
  73  8:12  Medic  
  73  8:16  Marine  
  77  8:21  Marine  
  77  8:23  Medic  
  77  8:25  Armory, Factory Tech Lab  
  77  8:26  Concussive Shells, Marine  
  81  8:31  Marine  
  81  8:35  Medic  
  81  8:37  Marine  
  84  8:41  Marine  
  84  8:46  Marauder  
  84  8:47  Marine  
  84  8:48  Barracks Tech Lab x2  
  84  8:49  Barracks Reactor  
  87  8:52  Vulture  
  87  8:53  Replenishable Magazine  
  87  8:58  Medic  
  87  8:59  Marine x2  
  87  9:02  Vulture  
  87  9:08  Marauder  
  93  9:10  Orbital Command  
  93  9:12  Vulture  
  93  9:14  Marine  
  98  9:24  Marine x2, Supply Depot x2, Vulture  
  98  9:25  Medic, Marauder x2  
  98  9:27  Supply Depot  
  108  9:30  Supply Depot  
  108  9:35  Vulture, Marine x3  
  108  9:36  Marine x2  
  108  9:37  Marine  
  108  9:38  Marauder  
  115  9:45  Marauder, Vulture  
  115  9:46  Terran Vehicle and Ship Weapons Level 1  
  122  9:52  Marauder, Marine  
  122  9:53  Cerberus Mines  
  125  10:02  Supply Depot  
  125  10:04  Supply Depot  
  125  10:05  Supply Depot  
  125  10:08  Marine  
  125  10:11  Marauder x2  
  130  10:22  Vulture  
  132  10:32  Vulture  
  132  10:37  Marauder x3, Marine  
  138  10:47  Marine x2  
  138  10:48  Marine  
  139  10:50  Marauder x3  
  139  10:54  Marine  
  139  10:57  Marine  
  147  11:02  Marauder x2, Supply Depot  
  149  11:16  Marauder  
  149  11:17  Marauder, Marine x3  
  149  11:18  Marine  
  149  11:19  Marauder  
  155  11:26  Vulture  
  70  11:30  Marauder  
  161  11:36  Medic x2  
  161  11:37  Marine  
  155  11:42  Medic  
  155  11:45  Marine x3  
  155  11:47  Marauder, Marine  
  162  12:00  Marine  
  162  12:01  Marine  
  162  12:04  Marine  
  162  12:23  Marine x4, Marauder, Supply Depot, Terran Infantry Weapons Level 2, Terran Infantry Armor Level 2  
  162  12:24  Marauder, Supply Depot  
  162  12:25  Marauder  
  162  12:26  Supply Depot  
  172  12:33  Marine x4, Supply Depot  
  172  12:36  Medic, Marauder  
  172  12:38  Marauder  
  180  12:43  Marine x2  
  180  12:44  Marine x2  
  180  12:46  Marauder  
  180  12:49  Marauder  
  182  13:11  Marauder x2, Marine  
  182  13:12  Marine x4  
  182  13:16  Terran Vehicle and Ship Weapons Level 2  
  182  13:17  Vulture  
  193  13:21  Marine  
  193  13:22  Marine  
  193  13:23  Marine x2  
  193  13:24  Marine x2  
  193  13:28  Vulture  
  193  13:32  Marine  
  193  13:34  Marine x2  
  193  13:38  Marauder  
  194  13:42  Vulture  
  194  13:48  Marine x3  
  191  13:52  Vulture  
  194  14:08  Marine x2  
  192  14:26  Marine  
  191  14:38  Marine  
  191  14:44  Supply Depot  
  191  14:55  Marine x2  
  191  15:03  Marauder, Marine x2  
  189  15:21  Marauder, Marine  
  189  15:22  Marauder, Marine  
  189  15:23  Marine x3  
  193  15:31  Marine  
  193  15:32  Marine  
  193  15:33  Medic, Marine x3  
  199  16:23  Terran Infantry Weapons Level 3  
  199  16:24  Terran Infantry Armor Level 3  
  199  16:28  Terran Vehicle and Ship Weapons Level 3  
  199  16:32  Armory  
  179  16:42  Marine  
  179  16:59  Marine  
  173  17:00  Marine x2  
  173  17:09  Medic x3  
  172  17:10  Marine x2  
  172  17:11  Marine x2  
  172  17:19  Medic x3  
  182  17:21  Vulture  
  190  17:31  Vulture  
  192  17:42  Medic x3, Vulture  
  192  18:34  Vulture  
  194  18:44  Juggernaut Plating, Vulture  
  194  18:46  Advanced Siege Tech  
  196  18:55  Vulture  
  198  19:05  Vulture  
  194  19:13  Neosteel Frame  
  194  19:15  Vulture  
  196  19:25  Vulture  
  198  19:31  Terran Vehicle And Ship Armor Level 1  
  198  19:35  Vulture  
  200  19:44  Incinerator Gauntlets  
  200  19:45  Orbital Command  
  200  19:46  Vulture  
  200  19:56  Vulture  
  192  20:04  Building Armor  
  192  20:08  Advanced Optics  
  177  20:56  Vulture  
  178  21:06  Vulture  
  179  21:16  Vulture  
  180  21:26  Vulture  
  182  21:36  Vulture  
  184  22:41  Marauder  
  184  22:43  Marine  
  184  22:46  Marine  
  184  22:48  Marine  
  187  22:50  Marine  
Tags
 
Add a new tag
Caveats
  • Supply blocks, unpowered buildings, or Contaminate may cause inaccurate times.
  • Supply counts are checked every 10 seconds.